 Dungeon Sprint DCSS version 0.23-a0-690-g0a1fc62 (webtiles) character file.

1203 galech the Cleaver (level 8, -12/68 HPs)
             Began as a Demonspawn Fighter on Jan 11, 2019.
             Was a Believer of Okawaru.
             Mangled by a cyan ugly thing (15 damage)
             ... in the Dungeon (Sprint IX: "|||||||||||||||||||||||||||||").
             The game lasted 00:01:35 (599 turns).

galech the Cleaver (Demonspawn Fighter)              Turns: 599, Time: 00:01:36

Health: -12/68     AC: 24    Str: 20    XL:     8   Next: 21%
Magic:  5/8        EV: 15    Int:  9    God:    Okawaru [**....]
Gold:   0          SH: 13    Dex: 15    Spells: 7/7 levels left

rFire    . . .     SeeInvis .   a - +0 war axe
rCold    . . .     Gourm    .   c - +0 shield
rNeg     . . .     Faith    .   t - +1 scale mail
rPois    .         Spirit   .   r - +0 helmet
rElec    .         Reflect  .   s - +0 cloak
rCorr    .         Harm     .   (no gloves)
MR       .....     NoTele   +   (no boots)
Stlth    +++.......             (no amulet)
HPRegen  0.21/turn              v - +2 ring of protection
MPRegen  0.11/turn              u - +3 ring of strength

@: heroism, sanguine armour
A: claws 1, nightstalker 1, sanguine armour 2
a: Heroism, Renounce Religion


You were in the Dungeon.
You worshipped Okawaru.
Okawaru was pleased with you.
You were not hungry.

You visited 1 branch

Inventory:

Hand Weapons
 a - a +0 war axe (weapon)
 q - a +1 broad axe of freezing
Armour
 c - a +0 shield (worn)
 r - a +0 helmet (worn)
 s - a +0 cloak (worn)
 t - a +1 scale mail (worn)
Jewellery
 u - a +3 ring of strength (right claw)
 v - a +2 ring of protection (left claw)
Wands
 p - a wand of acid (10)
Scrolls
 k - 2 scrolls of blinking
 n - 3 scrolls of remove curse
 o - 2 scrolls of amnesia
Potions
 e - 5 potions of curing
 g - 3 potions of heal wounds
 h - a potion of haste
 i - 4 potions of magic
 j - a potion of berserk rage
 m - a potion of invisibility
Comestibles
 f - a ration


   Skills:
 + Level 8.1(13.1) Fighting
 + Level 10.7(15.7) Axes
 + Level 7.6(12.6) Armour
 + Level 3.4(8.4) Dodging
 + Level 0.2(5.2) Stealth
 + Level 7.9(12.9) Shields
 + Level 0.5 Invocations


You had 7 spell levels left.
You didn't know any spells.
Your spell library was empty.

Dungeon Overview and Level Annotations

Branches:
Dungeon (1/1)

Altars:
Cheibriados
Dithmenos
Elyvilon
Fedhas
Gozag
Hepliaklqana
Kikubaaqudgha
Makhleb
Nemelex Xobeh
Okawaru
Qazlal
Ru
Sif Muna
Trog
Uskayaw
Vehumet
Wu Jian
Xom
Yredelemnul
Zin
The Shining One
Beogh
Jiyva
Lugonu


Innate Abilities, Weirdness & Mutations

You have sharp fingernails.
You are slightly more attuned to the shadows.
When seriously injured, your bleeding wounds create thick armour. (AC +9)


Message History

Okawaru is honoured by your kill.
Your base Fighting skill increases to level 8!
You have reached level 8!
You feel stronger.
Your demonic ancestry asserts itself...
You feel your blood thicken.
You hit the cyan ugly thing but do no damage.
You block the cyan ugly thing's attack.
You hit the cyan ugly thing but do no damage.
You block the cyan ugly thing's attack.
You hit the cyan ugly thing.
The cyan ugly thing is lightly wounded.
The cyan ugly thing misses you.
You completely miss the cyan ugly thing.
The cyan ugly thing is lightly wounded.
You hit the cyan ugly thing.
The cyan ugly thing is lightly wounded.
The cyan ugly thing engulfs you!
* * * LOW HITPOINT WARNING * * *
The cyan ugly thing shocks you!
You die... ▓▓▓▓▓▓▓▓▓▓▓▓▓▓▓▓▓▓▓▓▓▓▓ ..5zau@.....).[...)|..' ▓▓▓▓▓▓▓▓▓▓▓▓▓▓▓▓▓▓▓▓▓▓▓

You could see a cyan ugly thing, a worker ant, a wight and a crimson imp.

Vanquished Creatures
  A two-headed ogre (D)
  A troll (D)
  A black bear (D)
  A sky beast (D)
  A centaur (D)
  A crimson imp (D)
  A hound (D)
  An orc wizard (D)
  An adder (D)
  A gnoll (D)
  An adder skeleton (D)
  A dart slug (D)
  An orc (D)
  2 goblins (D)
  A hobgoblin (D)
  A ball python (D)
  A kobold (D)
18 creatures vanquished.

Notes
Turn   | Place    | Note
-------+----------+-------------------------------------------
     0 | D        | galech the Demonspawn Fighter began the quest for the Orb.
     0 | D        | Reached XP level 1. HP: 18/18 MP: 1/1
     9 | D        | Reached skill level 2 in Axes
     9 | D        | Gained mutation: You have sharp fingernails. [demonic
                  | ancestry]
     9 | D        | Reached XP level 2. HP: 24/25 MP: 2/2
    27 | D        | Noticed a centaur
    39 | D        | Killed a centaur
    39 | D        | Reached skill level 5 in Fighting
    39 | D        | Reached skill level 3 in Axes
    39 | D        | Reached XP level 3. HP: 20/33 MP: 3/3
    39 | D        | Reached XP level 4. HP: 24/39 MP: 4/4
    45 | D        | Reached skill level 4 in Axes
    45 | D        | Reached skill level 5 in Armour
    52 | D        | Reached skill level 5 in Shields
    56 | D        | Found a roughly hewn altar of Beogh.
    56 | D        | Found a snail-covered altar of Cheibriados.
    56 | D        | Found a shadowy altar of Dithmenos.
    56 | D        | Found a white marble altar of Elyvilon.
    56 | D        | Found a blossoming altar of Fedhas.
    56 | D        | Found an opulent altar of Gozag.
    57 | D        | Found a hazy altar of Hepliaklqana.
    58 | D        | Found a viscous altar of Jiyva.
    59 | D        | Found an ancient bone altar of Kikubaaqudgha.
    60 | D        | Found a corrupted altar of Lugonu.
    61 | D        | Found a burning altar of Makhleb.
    62 | D        | Found a sparkling altar of Nemelex Xobeh.
    63 | D        | Found an iron altar of Okawaru.
   102 | D        | Found a stormy altar of Qazlal.
   103 | D        | Found a sacrificial altar of Ru.
   104 | D        | Found a deep blue altar of Sif Muna.
   105 | D        | Found a bloodstained altar of Trog.
   106 | D        | Found a hide-covered altar of Uskayaw.
   107 | D        | Found a radiant altar of Vehumet.
   108 | D        | Found an ornate altar of the Wu Jian Council.
   109 | D        | Became a worshipper of Warmaster Okawaru
   110 | D        | Found a shimmering altar of Xom.
   111 | D        | Found a basalt altar of Yredelemnul.
   112 | D        | Found a glowing silver altar of Zin.
   113 | D        | Found a glowing golden altar of the Shining One.
   295 | D        | Noticed a two-headed ogre
   295 | D        | Noticed a black bear
   300 | D        | Killed a black bear
   300 | D        | Reached skill level 6 in Axes
   300 | D        | Reached skill level 1 in Dodging
   300 | D        | Gained mutation: When seriously injured, your bleeding
                  | wounds create armour. (AC +9) [demonic ancestry]
   300 | D        | Reached XP level 5. HP: 46/46 MP: 5/5
   309 | D        | Killed a two-headed ogre
   309 | D        | Reached * piety under Okawaru
   309 | D        | Reached ** piety under Okawaru
   309 | D        | Reached skill level 9 in Axes
   309 | D        | Gained mutation: You are slightly more attuned to the
                  | shadows. [demonic ancestry]
   309 | D        | Reached XP level 6. HP: 8/56 MP: 6/6
   309 | D        | Reached XP level 7. HP: 9/61 MP: 7/7
   313 | D        | Reached skill level 10 in Axes
   571 | D        | Noticed a troll
   572 | D        | Noticed a cyan ugly thing
   594 | D        | Killed a troll
   594 | D        | Gained mutation: When seriously injured, your bleeding
                  | wounds create thick armour. (AC +9) [demonic ancestry]
   594 | D        | Reached XP level 8. HP: 11/68 MP: 4/8
   599 | D        | HP: 3/68 [cyan ugly thing (9)]
   599 | D        | Mangled by a cyan ugly thing

Vault maps used:
D:        linesprint

Skill      XL: |  1  2  3  4  5  6  7 |
---------------+----------------------+-----
Axes           | 2 3 6 9 10 | 10.7
Armour         | 3 4 5 7 |  7.6
Shields        | 3 4 5 7 |  7.9
Fighting       | 5 6 7 8 |  8.1
Dodging        | 1 2 3 |  3.4
Stealth        | |  0.2
Invocations    | |  0.5

Action                   |  1- 3 |  4- 6 |  7- 9 || total
-------------------------+-------+-------+-------++-------
Melee: War axe           |    23 |    25 |    33 ||    81
Invok: Heroism           |       |       |     2 ||     2
  Use: Potion            |       |     1 |       ||     1
Armor: Scale mail        |     8 |     8 |    12 ||    28
Dodge: Dodged            |    12 |    10 |    15 ||    37
Block: Shield            |    11 |    19 |    15 ||    45

Table legend:
 A = Non-vault XP
 B = Vault XP
 C = Vault XP percentage of total XP
 D = Non-vault monster count
 E = Vault monster count
 F = Vault count percentage of total count
                 A         B        C        D         E       F
            +---------+---------+-------+---------+---------+-------
      Total |       0 |    1719 | 100.0 |       0 |      18 | 100.0
            +---------+---------+-------+---------+---------+-------
          D |       0 |    1719 | 100.0 |       0 |      18 | 100.0
            +---------+---------+-------+---------+---------+-------
